 Dungeon Crawl Stone Soup version 0.28.0-53-g5a82cb258f (webtiles) character file.

Game seed: 13179364131676265693

67 dranuc9 the Conjurer (level 4, -1/24 HPs)
             Began as a Deep Elf Conjurer on July 10, 2022.
             Killed from afar by Sigmund (7 damage)
             ... with a magic dart
             ... on level 2 of the Dungeon.
             The game lasted 00:13:36 (1229 turns).

dranuc9 the Conjurer (Deep Elf Conjurer)            Turns: 1229, Time: 00:13:36

Health: -1/24      AC:  4    Str:  4    XL:     4   Next: 0%
Magic:  11/11      EV: 12    Int: 25    God:
Gold:   57         SH:  0    Dex: 13    Spells: 6/9 levels left

rFire   . . .      SeeInvis .   b - +0 dagger
rCold   . . .      Faith    .   (no shield)
rNeg    . . .      Spirit   .   a - +0 robe
rPois   .          Reflect  .   (no helmet)
rElec   .          Harm     .   e - +0 cloak
rCorr   .          Rampage  .   (no gloves)
Will    .....                   g - +0 pair of boots
Stlth   ++........              (no amulet)
HPRegen 0.08/turn               (no ring)
MPRegen 0.12/turn               (no ring)

@: no status effects
A: no striking features
a: no special abilities


You were on level 2 of the Dungeon.
You visited 1 branch of the dungeon, and saw 2 of its levels.

You collected 57 gold pieces.

Inventory:

Hand Weapons
 b - a +0 dagger (weapon)
Missiles
 c - a poisoned dart (quivered)
 d - 14 arrows
Armour
 a - a +0 robe (worn)
 e - a +0 cloak (worn)
 g - a +0 pair of boots (worn)
Potions
 f - a potion of degeneration {unknown}


   Skills:
 + Level 2.6 Dodging
 + Level 2.6 Stealth
 + Level 3.3 Spellcasting
 + Level 5.8 Conjurations


You had 6 spell levels left.
You knew the following spells:

 Your Spells              Type           Power      Damage    Failure   Level
a - Magic Dart            Conj           100%       1d8       1%          1
b - Searing Ray           Conj           66%        2d6       1%          2

Your spell library contained the following spells:

 Spells                   Type           Power      Damage    Failure   Level
 Dazzling Flash           Conj/Hex       36%        N/A       9%          3
 Mephitic Cloud           Conj/Pois/Air  13%        N/A       13%         3
 Ignite Poison            Fire/Tmut/Pois 4%         N/A       28%         3
 Fulminant Prism          Conj/Hex       9%         3d7       28%         4
 Iskenderun's Mystic Bla  Conj/Tloc      18%        2d6       28%         4
 Freezing Cloud           Conj/Ice/Air   6%         6-21      77%         5


Dungeon Overview and Level Annotations

Branches:
Dungeon (2/15)

Altars:
Xom

Shops:
D:1 !:(

Annotations:
D:2 Sigmund


Message History

Sigmund says, "You will soon forget everything."
Sigmund gestures at you while chanting.
You are confused.
You're too confused to cast spells.
Non-targeted confused throw: 4 darts (poison)
Press: ? - help, Q - select action, (/) - cycle Dir - look around, f - activate You throw a poisoned dart.
Non-targeted confused throw: 3 darts (poison)
Press: ? - help, Q - select action, (/) - cycle Dir - look around, f - activate You throw a poisoned dart.
Sigmund casts a spell at you. The puff of flame hits you.
Sigmund gestures at you while chanting. The puff of flame hits you!
Sigmund points at you and mumbles some strange words.
You resist with some effort.
You bump into the rock wall.
You feel less confused. Sigmund gestures at you while chanting.
The puff of flame misses you.
Sigmund is nearby!
Found a stone staircase leading down.
Sigmund is nearby!
Throw: 2 darts (poison)
Press: ? - help, Q - select action, (/) - cycle Shift-Dir - straight line, f - Sigmund
Aim: Sigmund, wielding a +0 scythe and wearing a +0 robe (moderately wounded, 52% to hit)
You throw a poisoned dart.
The poisoned dart barely misses Sigmund.
Sigmund points at you and mumbles some strange words.
You are confused.
You bump into the rock wall.
You're too confused to move!
You bump into the rock wall.
Sigmund hits you from afar with a +0 scythe!
* * * LOW HITPOINT WARNING * * *
You feel less confused. Sigmund completely misses you.
Sigmund casts a spell at you. The magic dart hits you!
You die...

#.....'..# ##..
#.....#############(.
###...................
..........###########.#
#####....@# #.# #.....#
#.+ #.....# #.#
#.....### #.#
#####.@...#<# #>#
#......####'## ##
#+####(......######
#...................
#..........)........
#......[............
##+####.......######
#.......# #.......#


You could see Sigmund.

Vanquished Creatures
  A gnoll (D:1)
  2 adders (D:2)
  3 dart slugs
  2 ball pythons (D:1)
  2 bats (D:1)
  An endoplasm (D:1)
  5 goblins
  4 hobgoblins
  3 jackals (D:1)
  2 kobolds (D:1)
  2 quokkas (D:2)
  2 frilled lizards (D:1)
  3 rats (D:1)
32 creatures vanquished.

Notes
Turn   | Place    | Note
-------+----------+-------------------------------------------
     0 | D:1      | dranuc9 the Deep Elf Conjurer began the quest for the Orb.
     0 | D:1      | Reached XP level 1. HP: 10/10 MP: 6/6
    73 | D:1      | Reached XP level 2. HP: 15/15 MP: 0/8
    90 | D:1      | Reached skill level 5 in Conjurations
   188 | D:1      | Learned a level 2 spell: Searing Ray
   234 | D:1      | Found Uqyf Kat's Antique Weapon Boutique.
   499 | D:1      | Reached XP level 3. HP: 19/19 MP: 7/9
   504 | D:1      | Found Najuvaqe's Book Shoppe.
   699 | D:1      | Found Jaethev's Distillery.
   861 | D:1      | Found a faded altar of an unknown god.
   863 | D:1      | Found a faded altar of an unknown god.
  1013 | D:2      | Noticed Sigmund
  1108 | D:2      | Found a shimmering altar of Xom.
  1168 | D:2      | Reached XP level 4. HP: 24/24 MP: 7/11
  1229 | D:2      | Killed from afar by Sigmund

Illustrated notes

Levels and vault maps discovered:
D:1:      psy_arrival_conway, layout_rooms,
          hellmonk_ecumenical_altar_the_god_not_taken, serial_shops, shop,
          nicolae_shop_overgrown_old_shop, nicolae_shop_statue_plus,
          grunt_decor_cap, minmay_stone_trees_small
D:2:      layout_basic, basic_altar, serial_shops, nicolae_shop_trees,
          uniq_sigmund, uniq_natasha

Skill      XL: |  1  2 |
---------------+-------+-----
Conjurations   | 5 |  5.8
Dodging        | |  2.6
Stealth        | |  2.6
Spellcasting   | |  3.3

Action                   |  1- 3 |  4- 6 || total
-------------------------+-------+-------++-------
Throw: Dart              |       |     4 ||     4
 Cast: Magic Dart        |    56 |     1 ||    57
  Use: Scroll            |     1 |       ||     1
Dodge: Dodged            |       |     2 ||     2
